 Dungeon Crawl Stone Soup version 0.21-a0-221-gfe971b9 (webtiles) character file.

359 tidbits the Grave Robber (level 6, -4/46 HPs)
             Began as a Demigod Necromancer on Aug 26, 2017.
             Slain by a hippogriff (8 damage)
             ... on level 6 of the Dungeon.
             The game lasted 00:16:06 (1601 turns).

tidbits the Grave Robber (Demigod Necromancer)      Turns: 1601, Time: 00:16:06

Health: -4/46      AC:  5    Str: 11    XL:     6   Next: 14%
Magic:  8/22       EV: 12    Int: 26    God:
Gold:   63         SH:  0    Dex: 16    Spells: 3/11 levels left

rFire    + . .     SeeInvis .   a - +1 short sword
rCold    + . .     Gourm    .   (no shield)
rNeg     . . .     Faith    .   B - +2 robe {MR+}
rPois    +         Spirit   .   (no helmet)
rElec    +         Reflect  .   (no cloak)
rCorr    +         Harm     .   G - +0 pair of gloves
MR       +....                  (no boots)
Stlth    ++........             (no amulet)
HPRegen  0.15/turn              j - ring of magical power
MPRegen  0.18/turn              w - +3 ring of intelligence

@: about to teleport, resistant
A: high mp 1
a: no special abilities


You were on level 6 of the Dungeon.
You were hungry.

You visited 1 branch of the dungeon, and saw 6 of its levels.

You collected 63 gold pieces.

Inventory:

Hand Weapons
 a - a +1 short sword (weapon)
 p - a +0 flail
Missiles
 f - 50 arrows
 k - 15 stones (quivered)
 m - 12 poisoned needles
Armour
 e - a +0 robe
 h - a +0 ring mail
 q - a +0 scale mail
 u - a +1 ring mail of poison resistance
   (You took it off Ijyb on level 3 of the Dungeon)
 B - a +2 robe of magic resistance (worn)
   (You took it off Dowan on level 5 of the Dungeon)
 G - a +0 pair of gloves (worn)
Jewellery
 j - a ring of magical power (left hand)
   (You found it on level 1 of the Dungeon)
 w - a +3 ring of intelligence (right hand)
   (You took it off an orc on level 5 of the Dungeon)
Wands
 t - a wand of iceblast (4/15)
Scrolls
 d - 2 scrolls of fog
 l - a scroll of amnesia
 o - a scroll of magic mapping {unknown}
 r - 2 scrolls of enchant weapon
 v - a scroll of remove curse {unknown}
 y - 2 scrolls of enchant armour {unknown}
 C - a scroll of random uselessness {unknown}
Potions
 i - a potion of ambrosia
Books
 b - a book of Necromancy

   Spells                             Type                      Level
   a - Pain                           Necromancy                   1
   b - Animate Skeleton               Necromancy                   1
   c - Vampiric Draining              Necromancy                   3
   d - Regeneration                   Charms/Necromancy            3
   e - Animate Dead                   Necromancy                   4
   f - Control Undead                 Necromancy                   4
Comestibles
 c - 4 bread rations
 n - 2 meat rations
 s - a royal jelly


   Skills:
 + Level 0.8 Fighting
 - Level 1.7 Dodging
 - Level 1.7 Stealth
 + Level 3.2 Spellcasting
 - Level 6.2 Necromancy


You had 3 spell levels left.
You knew the following spells:

 Your Spells              Type           Power        Failure   Level  Hunger
n - Animate Skeleton      Necr           N/A          1%          1    None
r - Regeneration          Chrm/Necr      ###.......   8%          3    ###....
v - Vampiric Draining     Necr           #####.....   1%          3    ###....
z - Pain                  Necr           ####         1%          1    None


Dungeon Overview and Level Annotations

Branches:
Dungeon (6/15)
 Temple: D:4-7

Annotations:
D:6 Sigmund


Innate Abilities, Weirdness & Mutations

You have an increased reservoir of magic. (+10% MP)


Message History

You hit the adder skeleton.
The adder skeleton is lightly damaged.
The adder skeleton completely misses you.
Duvessa hits the adder skeleton with a short sword!
You hit the adder skeleton.
You destroy the adder skeleton!
Items here: ))) = [[ †
w - a scratched garnet ring Put on which piece of jewellery? (? for menu, Esc to quit)
You feel clever.
w - a +3 ring of intelligence (right hand) Dowan is no longer moving slowly.
You butcher the orc corpse.
Items here: % ))) [[
Okay, then.
You swap places.
Things that are here:
a falchion; a scale mail; 12 gold pieces You now have 63 gold pieces (gained 12).
There is a stone staircase leading down here.
Okay, then.
Okay, then.
Casting: Pain
Confirm with . or Enter, or press ? or * to list all spells.
Your skin crawls.
All of the chunks of flesh in your inventory have rotted away.
There is a stone staircase leading down here.
You climb downwards.
Your mindless thrall stays behind.
Level annotation: Sigmund
Found 10 poisoned needles.
There is a stone staircase leading up here.
Okay, then.
You hear a distant slurping noise.
You see here 10 poisoned needles.
Your skin is crawling a little less now.
You hear a distant slurping noise.
You are feeling hungry.
Your skin stops crawling.
Casting: Regeneration
Confirm with . or Enter, or press ? or * to list all spells.
Aiming: Pain
Press: ? - help, Shift-Dir - straight line, f - hippogriff
Aim: a hippogriff (chance to defeat MR: 81%)
The hippogriff writhes in agony!
Casting: Pain
Confirm with . or Enter, or press ? or * to list all spells.
Aiming: Pain
Press: ? - help, Shift-Dir - straight line, f/p - hippogriff
Aim: a hippogriff (lightly wounded, chance to defeat MR: 81%)
The hippogriff writhes in agony!
Casting: Pain
Confirm with . or Enter, or press ? or * to list all spells.
Aiming: Pain
Press: ? - help, Shift-Dir - straight line, f/p - hippogriff
Aim: a hippogriff (lightly wounded, chance to defeat MR: 81%)
The hippogriff writhes in agony!
Casting: Pain
Confirm with . or Enter, or press ? or * to list all spells.
Aiming: Vampiric Draining
Press: ? - help, Shift-Dir - straight line, f/p - hippogriff
Aim: a hippogriff (lightly wounded)
The hippogriff is moderately wounded.
You feel life coursing into your body. The hippogriff bites you.
The hippogriff barely misses you. The hippogriff claws you.
Casting: Vampiric Draining
Confirm with . or Enter, or press ? or * to list all spells.
Aiming: Vampiric Draining
Press: ? - help, Shift-Dir - straight line, f/p - hippogriff
Aim: a hippogriff (moderately wounded)
The hippogriff is moderately wounded.
You feel life coursing into your body. The hippogriff barely misses you. x2
The hippogriff claws you.
An orc comes into view.
The orc warrior shouts!
The orc wizard gestures at you while chanting.
The magic dart hits you!
An orc wizard comes into view. It is wielding a dagger of speed.
The orc warrior hits you with a war axe!!
* * * LOW HITPOINT WARNING * * *
Okay, then.
Okay, then.
The orc warrior hits you with a war axe!
* * * LOW HITPOINT WARNING * * *
A crimson imp comes into view.
There is a stone staircase leading up here.
The orc shouts!
The orc wizard looks encouraged for a moment.
The orc wizard begins to cast a cantrip, but forgets the words!
You see here 10 poisoned needles.
The orc wizard gestures wildly while chanting.
The orc wizard seems to speed up.
As you read the scroll labeled TOADA FARCHIVUZI, it crumbles to dust.
You feel strangely unstable.
It was a scroll of teleportation.
The hippogriff closely misses you. The hippogriff completely misses you.
The hippogriff claws you.
* * * LOW HITPOINT WARNING * * *
It was a potion of resistance.
You feel protected. The hippogriff bites you!
You die...

###### #oH@.#
#.##.# # #.o#o# #
#.#l.#.# #.#.#oo#.#
#....o<#.# # #
..o#...5#.#.#####
#..#.#.o..#.......#
#. #.#........###.#


You could see a hippogriff, an orc warrior and an orc.

Vanquished Creatures
  Duvessa (D:5)
  Dowan (D:5)
  A bullfrog zombie (D:5)
  An orc priest (D:5)
  Ijyb (D:3)
  Terence (D:2)
  A hound skeleton (D:4)
  3 adders
  An ooze (D:3)
  3 adder skeletons (D:5)
  A dart slug (D:2)
  2 worms
  A leopard gecko (D:5)
  3 orcs (D:5)
  2 giant cockroaches
  3 goblins
  3 hobgoblins
  A ball python (D:3)
  3 bats
  4 frilled lizards
  4 kobolds
  2 rats
43 creatures vanquished.

Vanquished Creatures (collateral kills)
  An orc wizard (D:5)
1 creature vanquished.

Grand Total: 44 creatures vanquished

Notes
Turn   | Place    | Note
-------+----------+-------------------------------------------
     0 | D:1      | tidbits the Demigod Necromancer began the quest for the Orb.
     0 | D:1      | Reached XP level 1. HP: 14/14 MP: 5/5
   183 | D:2      | Reached skill level 2 in Spellcasting
   188 | D:2      | Learned a level 1 spell: Animate Skeleton
   467 | D:2      | Reached XP level 2. HP: 16/20 MP: 7/7
   468 | D:2      | Noticed Terence
   480 | D:2      | Killed Terence
   480 | D:2      | Reached skill level 4 in Necromancy
   480 | D:2      | Reached XP level 3. HP: 12/26 MP: 6/9
   485 | D:2      | Learned a level 3 spell: Vampiric Draining
   490 | D:2      | Found a snail-covered altar of Cheibriados.
   528 | D:2      | Noticed a moth of wrath
   640 | D:3      | Noticed Ijyb
   676 | D:3      | Killed Ijyb
   680 | D:3      | Found a white marble altar of Elyvilon.
   718 | D:3      | Reached XP level 4. HP: 23/33 MP: 8/10
   916 | D:2      | Learned a level 3 spell: Regeneration
   974 | D:5      | Entered Level 5 of the Dungeon
  1031 | D:5      | Reached skill level 3 in Spellcasting
  1031 | D:5      | Reached skill level 5 in Necromancy
  1086 | D:6      | Noticed Sigmund
  1271 | D:6      | HP: 3/33 [Sigmund/magic dart (9)]
  1376 | D:5      | Reached XP level 5. HP: 29/38 MP: 12/12
  1403 | D:5      | Noticed Duvessa
  1434 | D:5      | Noticed Dowan
  1446 | D:5      | Killed Duvessa
  1455 | D:5      | Killed Dowan
  1455 | D:5      | Reached skill level 6 in Necromancy
  1520 | D:6      | Noticed an orc warrior
  1522 | D:6      | Noticed a hippogriff
  1545 | D:5      | Reached XP level 6. HP: 33/46 MP: 13/13
  1600 | D:6      | HP: 4/46 [hippogriff (2)]
  1601 | D:6      | Slain by a hippogriff

Vault maps used:
D:1:      lemuel_arrival_room
D:2:      kennysheep_slug_shrine, tgw_trog, lemuel_crystal_altar,
          gammafunk_temple_overflow_elements, first_bread, uniq_terence
D:3:      elyvilon_altar_3, uniq_ijyb
D:4:      overflow_temple_1_default
D:5:      minmay_misc_feat_roman, uniq_duvessa, uniq_pikel, uniq_grinder
D:6:      kennysheep_little_box, minmay_temple_entry_junction_2, uniq_menkaure,
          uniq_sigmund, uniq_edmund

Skill      XL: |  1  2  3  4  5 |
---------------+----------------+-----
Spellcasting   | 2 3 |  3.2
Necromancy     | 4 5 6 |  6.2
Fighting       | |  0.8
Dodging        | |  1.7
Stealth        | |  1.7

Action                   |  1- 3 |  4- 6 || total
-------------------------+-------+-------++-------
Melee: Short sword       |     7 |    49 ||    56
 Cast: Pain              |    39 |    44 ||    83
       Animate Skeleton  |     3 |     3 ||     6
       Vampiric Draining |     2 |    11 ||    13
       Regeneration      |       |     9 ||     9
  Use: Scroll            |       |     8 ||     8
       Potion            |       |     3 ||     3
 Stab: Sleeping          |       |     1 ||     1
       Invisible         |       |     3 ||     3
  Eat: Chunk             |       |     4 ||     4
Armor: Robe              |       |    11 ||    11
Dodge: Dodged            |     6 |    39 ||    45

Table legend:
 A = Spawn XP
 B = Non-spawn XP
 C = Spawn XP percentage of total XP
 D = Spawn monster count
 E = Non-spawn monster count
 F = Spawn count percentage of total count
 G = Total turns spent on level
                    A         B        C        D         E        F      G
               +---------+---------+-------+---------+---------+-------+---------
         Total |      11 |     503 |   2.1 |       3 |      41 |   6.8 |  1601
               +---------+---------+-------+---------+---------+-------+---------
           D:1 |       0 |      11 |   0.0 |       0 |       8 |   0.0 |   311
           D:2 |       0 |      64 |   0.0 |       0 |       8 |   0.0 |   428
           D:3 |       8 |      65 |  11.0 |       2 |      11 |  15.4 |   214
           D:4 |       0 |      22 |   0.0 |       0 |       2 |   0.0 |    26
           D:5 |       3 |     341 |   0.9 |       1 |      12 |   7.7 |   554
               +---------+---------+-------+---------+---------+-------+---------

Table legend:
 A = Turns spent in this place as a percentage of turns spent in the entire game.
 B = Non-inter-level travel turns spent in this place as a percentage of non-inter-level travel turns spent in the entire game.
 C = Inter-level travel turns spent in this place as a percentage of turns spent in this place.
 D = Turns resting spent in this place as a percentage of non-inter-level travel turns spent in this place.
 E = Turns spent auto-exploring this place as a percentage of non-inter-level travel turns spent in this place.
 F = Non-inter-level travel turns spent in this place divided by the number of levels of this place that you've seen.
                   A       B       C       D       E      F
               +-------+-------+-------+-------+-------+----------------------
         Total | 100.0 | 100.0 |   8.2 |   0.0 |   0.0 | 245.0
       Dungeon | 100.0 | 100.0 |   8.2 |   0.0 |   0.0 | 245.0
               +-------+-------+-------+-------+-------+----------------------

Table legend:
 A = Kills in this place as a percentage of kills in entire the game.
 B = Kills by you in this place as a percentage of kills by you in the entire game.
 C = Kills by friends in this place as a percentage of kills by friends in the entire game.
 D = Other kills in this place as a percentage of other kills in the entire game.
 E = Experience gained in this place as a percentage of experience gained in the entire game.
 F = Experience gained in this place divided by the number of levels of this place that you have seen.
                   A       B       C       D       E      F
               +-------+-------+-------+-------+-------+----------------------
         Total | 100.0 | 100.0 | 100.0 |   N/A | 100.0 |  85.7
       Dungeon | 100.0 | 100.0 | 100.0 |   N/A | 100.0 |  85.7
               +-------+-------+-------+-------+-------+----------------------

Vault maps used:
D:1:      lemuel_arrival_room
D:2:      kennysheep_slug_shrine, tgw_trog, lemuel_crystal_altar,
          gammafunk_temple_overflow_elements, first_bread, uniq_terence
D:3:      elyvilon_altar_3, uniq_ijyb
D:4:      overflow_temple_1_default
D:5:      minmay_misc_feat_roman, uniq_duvessa, uniq_pikel, uniq_grinder
D:6:      kennysheep_little_box, minmay_temple_entry_junction_2, uniq_menkaure,
          uniq_sigmund, uniq_edmund
